 Dungeon Crawl Stone Soup version 0.16.1-18-g436b03c (webtiles) character file.

131807 drasked the Severer (level 16, -2/226 HPs)
             Began as a Minotaur Berserker on Apr 28, 2015.
             Was the Champion of Trog.
             Drowned by a water elemental (3 damage)
             ... summoned by Ilsuiw
             ... on level 5 of the Shoals.
             The game lasted 00:37:19 (29047 turns).

drasked the Severer (Minotaur Berserker)           Turns: 29047, Time: 00:37:20

Health: -2/226     AC: 32    Str: 31    XL:     16   Next: 56%
Magic:  6/6        EV: 17    Int:  4    God:    Trog [******]
Gold:   0          SH:  0    Dex: 15    Spells: 0 memorised, 15 levels left

rFire  . . .     SeeInvis .     t - +3 battleaxe (vamp)
rCold  + . .     Clarity  .     C - +2 plate armour {rC+}
rNeg   . . .     SustAb   .     (no shield)
rPois  .         Gourm    .     r - +2 hat of the High Council {Archmagi, Wiz- Stlth-}
rElec  .         Spirit   .     b - +2 cloak
rCorr  .         Warding  .     m - +2 pair of gloves
rMut   .         Stasis   .     o - +2 pair of boots
MR     +....                    A - amulet of faith
Stlth  ..........               (no ring)
                                p - +2 ring of strength

@: berserking (expiring), engulfed (cannot breathe), manticore barbs, very
quick, somewhat resistant to hostile enchantments, extremely unstealthy
A: retaliatory headbutt, horns 2
a: Burn Spellbooks, Berserk, Trog's Hand, Brothers in Arms, Renounce Religion


You were on level 5 of the Shoals.
You worshipped Trog.
Trog was exalted by your worship.
You were hungry.

You visited 4 branches of the dungeon, and saw 31 of its levels.


Innate Abilities, Weirdness & Mutations

You reflexively headbutt those who attack you in melee.
You have a pair of horns on your head.


   Skills:
 + Level 15.8 Fighting
 - Level 20.0 Axes
 - Level 16.2 Armour
 - Level 16.0 Dodging


You had 15 spell levels left.
You didn't know any spells.

Inventory:

Hand weapons
 t - a +3 vampiric battleaxe (weapon)
Missiles
 j - 5 javelins (quivered)
Armour
 b - a +2 cloak (worn)
 m - a +2 pair of gloves (worn)
 o - a +2 pair of boots (worn)
 r - the +2 hat of the High Council (worn) {Archmagi, Wiz- Stlth-}
   (You found it on level 4 of the Lair of Beasts)

   It makes you less stealthy.
 y - the +7 chain mail of Dyroppem {MR- Int+6}
   (You found it on level 6 of the Lair of Beasts)

   It affects your intelligence (+6).
   It affects your resistance to hostile enchantments.
 C - a +2 plate armour of cold resistance (worn)
Jewellery
 e - an uncursed ring of fire
 p - a +2 ring of strength (left hand)
 A - an amulet of faith (around neck)
Scrolls
 a - 2 scrolls of remove curse
 f - 16 scrolls of identify
 u - 8 scrolls of recharging
Potions
 d - 8 potions of curing
 g - 4 potions of resistance
 h - 7 potions of heal wounds
 i - 4 potions of might
 n - 2 potions of cure mutation
 q - a potion of cancellation
 s - 2 potions of restore abilities
 w - 5 potions of haste
Comestibles
 c - 18 bread rations
 l - 9 meat rations
 x - 2 royal jellies
 B - 3 slices of pizza

Dungeon Overview and Level Annotations

Branches:
Dungeon (15/15)            Temple (0/1) D:5            Lair (8/8) D:9
 Shoals (5/5) Lair:5       Spider (0/5) Lair:6        Slime (0/6) Lair:7
    Orc (3/4) D:11         Vaults (0/5) D:13         Depths (0/5) D:15
    Elf: Orc:3-4

Altars:
Ashenzari
Fedhas
Gozag
Makhleb
Nemelex Xobeh
Okawaru
Qazlal
Ru
The Shining One
Beogh

Shops:
D:6 [   D:13 !   Orc:1 =(?

Annotations:
D:15 1 runed door
Shoals:5 Ilsuiw


Message History

You barely miss the merfolk impaler.
Your headbutt misses the merfolk impaler.
The merfolk impaler is almost dead.
You slash the water elemental!
The water elemental is heavily damaged.
You slice the water elemental!!
The water elemental is heavily damaged.
Your lungs strain for air!
The manticore flicks its tail.
The volley of spikes misses you.
The merfolk impaler hits you with a trident of piercing!
The merfolk javelineer misses you.
You barely miss the merfolk impaler.
Your headbutt misses the merfolk impaler.
The merfolk impaler is almost dead.
You slash the water elemental!
The water elemental is severely damaged.
You barely miss the water elemental.
The water elemental is heavily damaged.
You die...

~~ ~~~ ~~. ~ ~~~~~~~~~
~~~.# #~~~~~~~~~~~~
~~~~..#####~~~~~~~~~~~~~
~~~~...(...~~~~~~~~~~~~~
~~~..m.....~~~~.~~~~~~~~
~~~~~...m....~~~~~~~~~~~~
~~~~~...@......~~~~~~~~~~
~#~~~~HEE......(....~~~~~
~~#~~~H))..##........~~~~
~~~#~~ยค.)(%##.........~##
~~~~~~m...##.........##~
~~#~~~~...~..........#~~
~#~~~~~~.~?..........'~)
~~~~~~m~..~$........#~~
~~~~~~~.~~.........##~


You could see 2 merfolk impalers, a merfolk javelineer, a merfolk, 2 manticores
and 2 water elementals.

Vanquished Creatures
  The ghost of raph the Fencer, a mighty MiFi of Ashenzari (Shoals:4)
  A kraken (Shoals:3)
  An octopode crusher (Shoals:2)
  Rupert (Shoals:4)
  Kirke (Shoals:2)
  Donald (Shoals:2)
  Louise (D:14)
  2 merfolk javelineers (Shoals:5)
  7 merfolk impalers
  A vault guard (D:13)
  Fannar (D:11)
  Harold (Lair:2)
  2 ice dragons (D:15)
  7 hydras
  2 merfolk avatars
  Nessos (D:13)
  4 centaur warriors
  A merfolk aquamancer (Shoals:5)
  2 alligator snapping turtles
  2 death yaks
  A catoblepas (Lair:3)
  2 tengu warriors
  The ghost of Alarkh the Grappler, an experienced TrCK of Xom (D:7)
  A fire crab (Lair:8)
  7 sea snakes
  A sea snake (shapeshifter) (D:13)
  The ghost of Alarkh the Grappler, an experienced TrCK of Xom (D:6)
  An orc knight (D:11)
  5 hill giants
  A wizard (D:9)
  16 fauns
  8 ugly things
  5 harpies (Shoals:5)
  5 cyclopes
  5 griffons
  A water nymph (Shoals:5)
  13 manticores
  A black mamba (Lair:4)
  3 sirens
  3 drowned souls (Shoals:1)
  14 elephants
  3 gargoyles
  14 spiny frogs
  2 fire drakes (Lair:8)
  Psyche (D:10)
  2 centaur skeletons (D:12)
  A kobold demonologist (D:11)
  4 trolls
  5 komodo dragons
  A spriggan druid (Lair:8)
  The ghost of hemol the Covered, an average MiFi (D:4)
  A jumping spider (Lair:6)
  2 wind drakes
  11 polar bears
  2 two-headed ogres
  29 merfolk
  A fire vortex (D:14)
  5 large abominations (D:9)
  8 snapping turtles
  8 ravens
  20 blink frogs
  3 basilisks
  A vampire (D:13)
  12 spriggans (Lair:8)
  16 water elementals
  6 redbacks (Lair:8)
  2 wyverns (D:11)
  A centaur simulacrum (D:15)
  3 deep elf magi
  A shadow (D:15)
  2 hungry ghosts
  11 hippogriffs
  5 mottled dragons
  Grum (D:10)
  A deep elf fighter (D:9)
  3 hogs (Shoals:2)
  4 fire bats (D:14)
  A fire elemental (Lair:3)
  2 steam dragons
  6 vampire mosquitoes
  2 soldier ants
  41 wolves
  31 yaks
  17 water moccasins
  A warg (Orc:3)
  6 black bears
  9 porcupines
  14 ogres
  7 spiders (D:12)
  12 orc warriors
  7 ice beasts
  4 sky beasts
  2 boring beetles
  4 phantoms
  5 wasps
  4 necrophages
  17 centaurs
  11 crocodiles
  Duvessa (D:7)
  22 giant frogs
  A big kobold (D:8)
  Blork the orc (D:5)
  2 wyvern zombies
  A gnoll sergeant (D:9)
  7 killer bees
  5 scorpions
  6 electric eels
  3 giant frog zombies
  Dowan (D:7)
  7 crimson imps
  A goliath beetle (D:6)
  3 centaur zombies
  15 hounds
  8 orc priests
  A quasit (D:13)
  A giant frog skeleton (D:13)
  9 jellies
  A wyvern simulacrum (D:15)
  10 orc wizards
  11 worker ants
  10 iguanas
  21 sheep
  7 small abominations (D:9)
  2 mummies
  4 worker ant zombies
  19 adders
  66 river rats
  5 gnolls (D:9)
  3 shadow imps
  A white imp (D:15)
  2 giant mites (D:4)
  2 worms (D:3)
  An ufetubus (D:15)
  An adder zombie (D:10)
  An adder skeleton (D:8)
  6 giant geckos
  An ooze (D:3)
  116 orcs
  23 bats
  5 giant cockroaches
  14 hobgoblins
  5 jackals
  14 kobolds
  10 quokkas
  3 giant newts (D:3)
  10 goblins
  A quokka skeleton (D:9)
  20 rats
  9 ballistomycetes
  11 fungi
  6 plants
  2 tentacles (Shoals:3)
1049 creatures vanquished.

Vanquished Creatures (collateral kills)
  A merfolk avatar (Shoals:5)
  2 satyrs
  3 death yaks (Lair:6)
  An ugly thing (D:13)
  A drowned soul (Shoals:5)
  A siren (Shoals:4)
  Sonja (D:14)
  2 merfolk
  A blink frog (Lair:5)
  2 wolves (Lair:4)
  A river rat (Lair:8)
16 creatures vanquished.

Vanquished Creatures (others)
  A hill giant (Lair:8)
  10 drowned souls
  A big kobold (D:9)
  An electric eel (Lair:8)
  A crimson imp (D:9)
  2 orcs (D:13)
  3 giant spores
  A kobold (D:9)
  6 tentacles (Shoals:3)
  225 tentacle segments (Shoals:3)
251 creatures vanquished.

Grand Total: 1316 creatures vanquished

Notes
Turn   | Place    | Note
--------------------------------------------------------------
     0 | D:1      | drasked, the Minotaur Berserker, began the quest for the Orb.
     0 | D:1      | Reached XP level 1. HP: 19/19 MP: 1/1
     0 | D:1      | 0 ||| counter = 1
   107 | D:1      | Reached skill level 4 in Axes
   178 | D:1      | Reached XP level 2. HP: 23/26 MP: 1/1
   327 | D:1      | Acquired Trog's second power
   539 | D:1      | 539 ||| UPGRADING to leather armour.
   549 | D:1      | 549 ||| DROPPING +0 animal skin.
   550 | D:1      | 550 ||| READING scroll labeled UFEADI NUAS.
   551 | D:1      | 551 ||| READING 2 scrolls labeled VOAJOC DYPPILU.
   552 | D:1      | 552 ||| READING scroll labeled XUAF ETAOXES.
   553 | D:1      | 553 ||| READING 2 scrolls labeled FYITEFUPIU.
   608 | D:2      | Reached skill level 5 in Axes
   608 | D:2      | Reached XP level 3. HP: 27/31 MP: 2/2
   669 | D:2      | 669 ||| STAIRDANCE
  1022 | D:2      | 1022 ||| UPGRADING to cloak.
  1027 | D:2      | 1027 ||| UPGRADING to scale mail.
  1037 | D:2      | 1037 ||| DROPPING +0 leather armour.
  1038 | D:2      | 1038 ||| READING scroll of remove curse.
  1039 | D:2      | 1039 ||| READING scroll of identify.
  1039 | D:2      | 1039 ||| IDENTIFYING thin malachite amulet
  1040 | D:2      | 1040 ||| UPGRADING to amulet of regeneration.
  1082 | D:3      | 1082 ||| INVOKING Berserk.
  1084 | D:3      | Reached skill level 6 in Axes
  1084 | D:3      | Reached XP level 4. HP: 39/39 MP: 2/2
  1113 | D:3      | 1113 ||| EATING fruit.
  1194 | D:3      | 1194 ||| STAIRDANCE
  1201 | D:3      | Noticed a giant frog
  1213 | D:3      | Killed a giant frog
  1213 | D:3      | Reached skill level 7 in Axes
  1213 | D:3      | Reached XP level 5. HP: 26/45 MP: 2/2
  1726 | D:3      | Found a sparkling altar of Nemelex Xobeh.
  1762 | D:3      | 1762 ||| UPGRADING to chain mail.
  1772 | D:3      | 1772 ||| DROPPING +0 scale mail.
  1773 | D:3      | 1773 ||| UPGRADING to runed ring mail.
  1783 | D:3      | 1783 ||| READING 3 scrolls labeled UMUL IROPRIJUG.
  1784 | D:3      | 1784 ||| READING 2 scrolls of enchant armour.
  1784 | D:3      | 1784 ||| ENCHANTING +0 cloak.
  1785 | D:3      | 1785 ||| READING scroll of enchant armour.
  1785 | D:3      | 1785 ||| ENCHANTING +1 cloak.
  1786 | D:3      | 1786 ||| READING scroll labeled NYEZOMOHEO.
  1787 | D:3      | 1787 ||| DRINKING 2 green potions.
  1788 | D:3      | 1788 ||| READING 3 scrolls of identify.
  1788 | D:3      | 1788 ||| IDENTIFYING viscous dark potion
  1789 | D:3      | 1789 ||| READING 2 scrolls of identify.
  1789 | D:3      | 1789 ||| IDENTIFYING lumpy amethyst potion
  1842 | D:4      | Reached skill level 8 in Axes
  1842 | D:4      | Reached XP level 6. HP: 44/52 MP: 3/3
  1893 | D:4      | Noticed hemol's ghost (average MiFi)
  1897 | D:4      | 1897 ||| INVOKING Berserk.
  1901 | D:4      | Killed hemol's ghost
  1951 | D:4      | 1951 ||| EATING beef jerky.
  1974 | D:4      | Reached XP level 7. HP: 57/61 MP: 3/3
  2028 | D:4      | 2028 ||| READING scroll of remove curse.
  2084 | D:4      | Reached skill level 9 in Axes
  2090 | D:4      | Noticed an ogre
  2093 | D:4      | 2093 ||| INVOKING Berserk.
  2097 | D:4      | Killed an ogre
  2144 | D:4      | 2144 ||| EATING beef jerky.
  2187 | D:4      | Found a blossoming altar of Fedhas.
  2273 | D:4      | Found a sacrificial altar of Ru.
  2282 | D:4      | Found an iron altar of Okawaru.
  2484 | D:4      | 2484 ||| UPGRADING to +0 chain mail.
  2494 | D:4      | 2494 ||| DROPPING +0 ring mail.
  2495 | D:4      | 2495 ||| READING 3 scrolls labeled YFUTRIMM IGHAJEE.
  2499 | D:4      | 2499 ||| READING scroll labeled FRACSYWUSH.
  2500 | D:4      | 2500 ||| READING 2 scrolls of identify.
  2500 | D:4      | 2500 ||| IDENTIFYING knobbly ivory ring
  2501 | D:4      | 2501 ||| UPGRADING to +2 ring of strength.
  2514 | D:5      | Entered Level 5 of the Dungeon
  2522 | D:5      | 2522 ||| STAIRDANCE
  2558 | D:5      | 2558 ||| UPGRADING to war axe.
  2559 | D:5      | 2559 ||| DROPPING +0 hand axe.
  2608 | D:5      | Acquired Trog's third power
  2608 | D:5      | Received a gift from Trog
  2617 | D:5      | Noticed Blork the orc
  2625 | D:5      | Killed Blork the orc
  2626 | D:5      | Reached skill level 3 in Armour
  2806 | D:5      | Reached skill level 10 in Axes
  3051 | D:5      | Found a staircase to the Ecumenical Temple.
  3273 | D:5      | 3273 ||| READING scroll labeled FRAZIVV UZOL.
  3301 | D:5      | 3301 ||| READING 2 scrolls of identify.
  3301 | D:5      | 3301 ||| IDENTIFYING amethyst potion
  3378 | D:6      | 3378 ||| INVOKING Berserk.
  3381 | D:6      | Noticed Alarkh's ghost (experienced TrCK)
  3398 | D:6      | Killed Alarkh's ghost
  3398 | D:6      | Reached skill level 6 in Fighting
  3398 | D:6      | Reached skill level 11 in Axes
  3398 | D:6      | Reached XP level 8. HP: 71/71 MP: 3/3
  3399 | D:6      | 3399 ||| EATING 2 beef jerkies.
  3443 | D:6      | Found Ganij's Antique Armour Boutique.
  3453 | D:6      | 3453 ||| READING 2 scrolls of teleportation.
  3508 | D:6      | 3508 ||| INVOKING Berserk.
  3515 | D:6      | 3515 ||| EATING beef jerky.
  3585 | D:6      | 3585 ||| INVOKING Berserk.
  3593 | D:6      | 3593 ||| EATING 5 bread rations.
  4570 | D:6      | Reached skill level 12 in Axes
  4629 | D:6      | 4629 ||| READING scroll labeled YZEFIZ YRUIJUG.
  4630 | D:6      | 4630 ||| READING scroll labeled XEODGH MARGH.
  4631 | D:6      | 4631 ||| READING scroll labeled KUASCH TANUPI.
  4632 | D:6      | 4632 ||| READING 3 scrolls of identify.
  4632 | D:6      | 4632 ||| IDENTIFYING emerald potion
  4633 | D:6      | 4633 ||| READING 2 scrolls of identify.
  4633 | D:6      | 4633 ||| IDENTIFYING fizzy blue potion
  4665 | D:7      | Noticed Alarkh's ghost (experienced TrCK)
  4671 | D:7      | 4671 ||| INVOKING Berserk.
  4674 | D:7      | Killed Alarkh's ghost
  4674 | D:7      | Reached skill level 13 in Axes
  4674 | D:7      | Reached XP level 9. HP: 78/78 MP: 4/4
  4681 | D:7      | 4681 ||| EATING beef jerky.
  4907 | D:7      | 4907 ||| EATING 4 fruits.
  5055 | D:7      | 5055 ||| INVOKING Berserk.
  5061 | D:7      | 5061 ||| EATING 3 fruits.
  5187 | D:7      | 5187 ||| INVOKING Berserk.
  5245 | D:7      | 5245 ||| INVOKING Berserk.
  5394 | D:7      | 5394 ||| READING scroll of remove curse.
  5462 | D:7      | Noticed Duvessa
  5462 | D:7      | Noticed Dowan
  5466 | D:7      | Killed Duvessa
  5471 | D:7      | Killed Dowan
  5556 | D:7      | 5556 ||| INVOKING Berserk.
  5564 | D:7      | 5564 ||| EATING 2 fruits.
  5598 | D:7      | 5598 ||| EATING fruit.
  5634 | D:7      | 5634 ||| UPGRADING to pair of gloves.
  5639 | D:7      | 5639 ||| READING scroll labeled YMITOTZAKH.
  5640 | D:7      | 5640 ||| DRINKING 2 bubbling blue potions.
  5641 | D:7      | 5641 ||| READING scroll of identify.
  5641 | D:7      | 5641 ||| IDENTIFYING large pearl amulet
  5642 | D:7      | 5642 ||| DROPPING amulet of the gourmand.
  5699 | D:8      | Reached skill level 14 in Axes
  5828 | D:8      | Paralysed by a wasp for 3 turns
  5867 | D:8      | 5867 ||| INVOKING Berserk.
  6047 | D:8      | Found a glowing golden altar of the Shining One.
  6201 | D:8      | 6201 ||| INVOKING Berserk.
  6245 | D:8      | 6245 ||| EATING 6 beef jerkies.
  6315 | D:8      | Found a stormy altar of Qazlal.
  6315 | D:8      | Found a shattered altar of Ashenzari.
  6586 | D:8      | 6586 ||| EATING 5 beef jerkies.
  6793 | D:8      | 6793 ||| INVOKING Berserk.
  6794 | D:8      | Reached XP level 10. HP: 86/86 MP: 4/4
  6834 | D:8      | 6834 ||| EATING 4 beef jerkies.
  6915 | D:8      | 6915 ||| UPGRADING to pair of boots.
  6925 | D:8      | 6925 ||| UPGRADING to plate armour.
  6935 | D:8      | 6935 ||| DROPPING +0 chain mail.
  6936 | D:8      | 6936 ||| READING scroll labeled KIEWNE SHREBANI.
  6937 | D:8      | 6937 ||| DRINKING 2 glowing puce potions.
  6938 | D:8      | 6938 ||| READING scroll of identify.
  6938 | D:8      | 6938 ||| IDENTIFYING dented lapis lazuli amulet
  6939 | D:8      | 6939 ||| DROPPING amulet of clarity.
  6941 | D:8      | 6941 ||| READING scroll of teleportation.
  6944 | D:8      | 6944 ||| Stepping randomly (stuck).
  6945 | D:8      | 6945 ||| Stepping randomly (stuck).
  6966 | D:8      | 6966 ||| Stepping randomly (stuck).
  6967 | D:8      | 6967 ||| Stepping randomly (stuck).
  6968 | D:8      | 6968 ||| Stepping randomly (stuck).
  6988 | D:8      | 6988 ||| Stepping randomly (stuck).
  6989 | D:8      | 6989 ||| Stepping randomly (stuck).
  6990 | D:8      | 6990 ||| Stepping randomly (stuck).
  6991 | D:8      | 6991 ||| Stepping randomly (stuck).
  6992 | D:8      | 6992 ||| Stepping randomly (stuck).
  6993 | D:8      | 6993 ||| Stepping randomly (stuck).
  6994 | D:8      | 6994 ||| Stepping randomly (stuck).
  6995 | D:8      | 6995 ||| Stepping randomly (stuck).
  6996 | D:8      | 6996 ||| Stepping randomly (stuck).
  6997 | D:8      | 6997 ||| Stepping randomly (stuck).
  6998 | D:8      | 6998 ||| Stepping randomly (stuck).
  6999 | D:8      | 6999 ||| Stepping randomly (stuck).
  7000 | D:8      | 7000 ||| Stepping randomly (stuck).
  7001 | D:8      | 7001 ||| Stepping randomly (stuck).
  7002 | D:8      | 7002 ||| Stepping randomly (stuck).
  7003 | D:8      | 7003 ||| Stepping randomly (stuck).
  7004 | D:8      | 7004 ||| Stepping randomly (stuck).
  7005 | D:8      | 7005 ||| Stepping randomly (stuck).
  7006 | D:8      | 7006 ||| Stepping randomly (stuck).
  7007 | D:8      | 7007 ||| Stepping randomly (stuck).
  7008 | D:8      | 7008 ||| Stepping randomly (stuck).
  7009 | D:8      | 7009 ||| Stepping randomly (stuck).
  7010 | D:8      | 7010 ||| Stepping randomly (stuck).
  7011 | D:8      | 7011 ||| Stepping randomly (stuck).
  7012 | D:8      | 7012 ||| Stepping randomly (stuck).
  7154 | D:9      | 7154 ||| INVOKING Berserk.
  7160 | D:9      | 7160 ||| EATING 3 beef jerkies.
  7261 | D:9      | Reached skill level 15 in Axes
  7290 | D:9      | 7290 ||| DRINKING 5 potions of curing.
  7290 | D:9      | 7290 ||| (to cure confusion)
  7631 | D:9      | Received a gift from Trog
  7676 | D:9      | Found a staircase to the Lair.
  7751 | D:9      | 7751 ||| INVOKING Burn Spellbooks.
  7918 | D:9      | Noticed a wizard
  7919 | D:9      | 7919 ||| INVOKING Trog's Hand.
  7925 | D:9      | Killed a wizard
  7933 | D:9      | Noticed a large abomination
  7933 | D:9      | Noticed a large abomination
  7955 | D:9      | 7955 ||| INVOKING Berserk.
  7959 | D:9      | Reached skill level 16 in Axes
  7963 | D:9      | Reached skill level 6 in Armour
  7972 | D:9      | Killed a large abomination
  7975 | D:9      | Killed a large abomination
  8028 | D:9      | 8028 ||| EATING 4 beef jerkies.
  8032 | D:9      | 8032 ||| INVOKING Burn Spellbooks.
  8043 | D:9      | 8043 ||| READING 3 scrolls of identify.
  8043 | D:9      | 8043 ||| IDENTIFYING cyan potion
  8044 | D:9      | 8044 ||| READING 2 scrolls of identify.
  8044 | D:9      | 8044 ||| IDENTIFYING lumpy cyan potion
  8139 | Lair:1   | Entered Level 1 of the Lair of Beasts
  8140 | Lair:1   | 8140 ||| Entered L.
  8142 | Lair:1   | 8142 ||| STAIRDANCE
  8171 | Lair:1   | 8171 ||| STAIRDANCE
  8221 | Lair:1   | 8221 ||| INVOKING Berserk.
  8223 | Lair:1   | Reached XP level 11. HP: 94/94 MP: 4/4
  8228 | Lair:1   | 8228 ||| EATING 3 beef jerkies.
  8283 | Lair:1   | Received a gift from Trog
  8345 | Lair:1   | Found a dark tunnel.
  8363 | Lair:1   | 8363 ||| INVOKING Berserk.
  8374 | Lair:1   | 8374 ||| EATING 2 beef jerkies.
  8624 | Lair:1   | 8624 ||| Stepping ~*~*~tactically~*~*~ (water).
  8673 | Lair:1   | 8673 ||| INVOKING Berserk.
  8731 | Lair:1   | 8731 ||| Stepping ~*~*~tactically~*~*~ (water).
  8751 | Lair:1   | 8751 ||| EATING 3 beef jerkies.
  8780 | Lair:1   | Reached skill level 17 in Axes
  9105 | Lair:1   | 9105 ||| UPGRADING to jade ring.
  9106 | Lair:1   | 9106 ||| REMOVING ring of teleport control.
  9107 | Lair:1   | 9107 ||| DROPPING ring of teleport control.
  9108 | Lair:1   | 9108 ||| READING scroll labeled VUSORI VEBREN.
  9108 | Lair:1   | Identified a scroll of acquirement
  9109 | Lair:1   | Got a pair of bloodstained gloves
  9110 | Lair:1   | 9110 ||| UPGRADING to pair of bloodstained gloves.
  9120 | Lair:1   | Identified the -5 pair of gloves "Throocaz" {Regen+ Int+3 SInv Stlth-} (You acquired it on level 1 of the Lair of Beasts)
  9120 | Lair:1   | 9120 ||| UPGRADING to +0 pair of gloves.
  9130 | Lair:1   | 9130 ||| DROPPING -5 pair of gloves "Throocaz" {Regen+ Int+3 SInv Stlth-}.
  9131 | Lair:1   | 9131 ||| READING scroll labeled CEPHASH INUSY.
  9187 | Lair:1   | 9187 ||| READING 2 scrolls of identify.
  9187 | Lair:1   | 9187 ||| IDENTIFYING fizzy orange potion
  9211 | Lair:2   | 9211 ||| STAIRDANCE
  9213 | Lair:1   | 9213 ||| INVOKING Berserk.
  9274 | Lair:1   | 9274 ||| EATING 2 beef jerkies.
  9278 | Lair:2   | 9278 ||| STAIRDANCE
  9374 | Lair:2   | 9374 ||| INVOKING Berserk.
  9417 | Lair:2   | 9417 ||| EATING beef jerky.
  9485 | Lair:2   | Reached skill level 9 in Armour
  9539 | Lair:2   | Reached skill level 9 in Fighting
  9600 | Lair:2   | Noticed Harold
  9606 | Lair:2   | 9606 ||| INVOKING Berserk.
  9612 | Lair:2   | Killed Harold
  9621 | Lair:2   | 9621 ||| EATING 10 fruits.
  9665 | Lair:2   | 9665 ||| EATING 9 fruits.
  9822 | Lair:2   | Noticed an eight-headed hydra
  9823 | Lair:2   | 9823 ||| INVOKING Brothers in Arms.
  9826 | Lair:2   | 9826 ||| INVOKING Berserk.
  9827 | Lair:2   | Killed a ten-headed hydra
  9835 | Lair:2   | 9835 ||| EATING 19 fruits.
  9860 | Lair:2   | 9860 ||| EATING 18 fruits.
 10040 | Lair:2   | 10040 ||| EATING 17 fruits.
 10155 | Lair:2   | 10155 ||| UPGRADING to tubular diamond ring.
 10156 | Lair:2   | 10156 ||| REMOVING ring of stealth.
 10157 | Lair:2   | 10157 ||| DROPPING ring of stealth.
 10158 | Lair:2   | 10158 ||| UPGRADING to granite ring.
 10159 | Lair:2   | 10159 ||| REMOVING ring of sustain abilities.
 10160 | Lair:2   | 10160 ||| DROPPING ring of sustain abilities.
 10161 | Lair:2   | 10161 ||| READING 2 scrolls labeled TOWNEI CLIO.
 10162 | Lair:2   | 10162 ||| READING scroll of enchant weapon.
 10162 | Lair:2   | 10162 ||| ENCHANTING +1 war axe.
 10163 | Lair:2   | 10163 ||| DRINKING 2 fuming sapphire potions.
 10299 | Lair:3   | 10299 ||| INVOKING Berserk.
 10341 | Lair:3   | 10341 ||| EATING 16 fruits.
 10441 | Lair:3   | 10441 ||| READING scroll of enchant armour.
 10441 | Lair:3   | 10441 ||| ENCHANTING +0 pair of gloves.
 10538 | Lair:3   | 10538 ||| INVOKING Berserk.
 10650 | Lair:3   | 10650 ||| INVOKING Berserk.
 10660 | Lair:3   | 10660 ||| EATING 21 fruits.
 10703 | Lair:3   | 10703 ||| EATING 20 fruits.
 10808 | Lair:3   | Noticed a catoblepas
 10811 | Lair:3   | 10811 ||| Stepping ~*~*~tactically~*~*~ (cloud).
 10812 | Lair:3   | 10812 ||| INVOKING Berserk.
 10816 | Lair:3   | Killed a catoblepas
 10816 | Lair:3   | Reached skill level 18 in Axes
 10824 | Lair:3   | 10824 ||| EATING 19 fruits.
 10866 | Lair:3   | Reached XP level 12. HP: 88/106 MP: 5/5
 11235 | Lair:3   | 11235 ||| READING 2 scrolls of identify.
 11235 | Lair:3   | 11235 ||| IDENTIFYING silvery potion
 11255 | Lair:4   | 11255 ||| STAIRDANCE
 11261 | Lair:4   | 11261 ||| STAIRDANCE
 11295 | Lair:4   | 11295 ||| INVOKING Berserk.
 11310 | Lair:4   | 11310 ||| EATING 18 fruits.
 11369 | Lair:4   | 11369 ||| INVOKING Berserk.
 11725 | Lair:4   | Received a gift from Trog
 11737 | Lair:4   | 11737 ||| UPGRADING to runed battleaxe {god gift}.
 11738 | Lair:4   | 11738 ||| DROPPING +2 war axe.
 11863 | Lair:4   | Noticed an eight-headed hydra
 11864 | Lair:4   | 11864 ||| INVOKING Brothers in Arms.
 11865 | Lair:4   | 11865 ||| INVOKING Berserk.
 11868 | Lair:4   | Killed a 11-headed hydra
 11873 | Lair:4   | 11873 ||| EATING 17 fruits.
 11944 | Lair:4   | 11944 ||| INVOKING Burn Spellbooks.
 12065 | Lair:4   | Noticed an eight-headed hydra
 12066 | Lair:4   | 12066 ||| INVOKING Brothers in Arms.
 12068 | Lair:4   | 12068 ||| INVOKING Berserk.
 12071 | Lair:4   | Killed a ten-headed hydra
 12071 | Lair:4   | Reached skill level 19 in Axes
 12105 | Lair:4   | 12105 ||| EATING 16 fruits.
 12166 | Lair:4   | 12166 ||| UPGRADING to +2 hat of the High Council {Archmagi, Wiz- Stlth-}.
 12171 | Lair:4   | 12171 ||| READING 4 scrolls of identify.
 12171 | Lair:4   | 12171 ||| IDENTIFYING murky inky potion
 12195 | Lair:5   | 12195 ||| STAIRDANCE
 12205 | Lair:5   | Noticed a six-headed hydra
 12206 | Lair:5   | 12206 ||| INVOKING Brothers in Arms.
 12209 | Lair:5   | 12209 ||| INVOKING Berserk.
 12211 | Lair:5   | Killed a seven-headed hydra
 12220 | Lair:5   | 12220 ||| EATING 17 fruits.
 12269 | Lair:5   | 12269 ||| EATING 16 fruits.
 12440 | Lair:5   | Found a staircase to the Shoals.
 12635 | Lair:5   | 12635 ||| INVOKING Berserk.
 12647 | Lair:5   | 12647 ||| READING scroll of teleportation.
 12649 | Lair:5   | Reached skill level 20 in Axes
 12891 | Lair:5   | Received a gift from Trog
 13195 | Lair:5   | Noticed a five-headed hydra
 13196 | Lair:5   | 13196 ||| INVOKING Brothers in Arms.
 13198 | Lair:5   | 13198 ||| INVOKING Berserk.
 13200 | Lair:5   | Killed a seven-headed hydra
 13200 | Lair:5   | Reached XP level 13. HP: 116/116 MP: 1/5
 13256 | Lair:5   | 13256 ||| UPGRADING to glowing garnet amulet.
 13258 | Lair:5   | 13258 ||| REMOVING amulet of rage.
 13259 | Lair:5   | 13259 ||| UPGRADING to amulet of regeneration.
 13260 | Lair:5   | 13260 ||| DROPPING amulet of rage.
 13261 | Lair:5   | 13261 ||| UPGRADING to notched coral ring.
 13262 | Lair:5   | 13262 ||| REMOVING +4 ring of intelligence.
 13263 | Lair:5   | 13263 ||| DROPPING +4 ring of intelligence.
 13333 | Lair:6   | 13333 ||| READING scroll of enchant weapon.
 13333 | Lair:6   | 13333 ||| ENCHANTING +2 antimagic battleaxe.
 13537 | Lair:6   | Found a hole to the Spider Nest.
 13791 | Lair:6   | 13791 ||| INVOKING Brothers in Arms.
 13809 | Lair:6   | 13809 ||| EATING 18 fruits.
 13826 | Lair:6   | Got a heavily runed chain mail
 14012 | Lair:6   | 14012 ||| EATING 17 fruits.
 14150 | Lair:6   | 14150 ||| UPGRADING to heavily runed chain mail.
 14160 | Lair:6   | Identified the +7 chain mail of Dyroppem {MR- Int+6} (You found it on level 6 of the Lair of Beasts)
 14160 | Lair:6   | 14160 ||| DROPPING +0 plate armour.
 14161 | Lair:6   | 14161 ||| DRINKING 2 fuming clear potions.
 14211 | Lair:7   | 14211 ||| UPGRADING to glowing battleaxe.
 14211 | Lair:7   | 14211 ||| Eating in order to wield vampiric weapon.
 14211 | Lair:7   | 14211 ||| EATING 16 fruits.
 14212 | Lair:7   | 14212 ||| Eating in order to wield vampiric weapon.
 14212 | Lair:7   | 14212 ||| EATING 15 fruits.
 14213 | Lair:7   | 14213 ||| Eating in order to wield vampiric weapon.
 14213 | Lair:7   | 14213 ||| EATING 14 fruits.
 14214 | Lair:7   | 14214 ||| Eating in order to wield vampiric weapon.
 14214 | Lair:7   | 14214 ||| EATING 13 fruits.
 14215 | Lair:7   | 14215 ||| Eating in order to wield vampiric weapon.
 14215 | Lair:7   | 14215 ||| EATING 12 fruits.
 14216 | Lair:7   | 14216 ||| Eating in order to wield vampiric weapon.
 14216 | Lair:7   | 14216 ||| EATING 11 fruits.
 14217 | Lair:7   | 14217 ||| UPGRADING to vampiric battleaxe.
 14218 | Lair:7   | 14218 ||| DROPPING +3 antimagic battleaxe.
 14259 | Lair:7   | 14259 ||| INVOKING Burn Spellbooks.
 14274 | Lair:7   | 14274 ||| READING scroll of enchant armour.
 14274 | Lair:7   | 14274 ||| ENCHANTING +1 pair of gloves.
 14423 | Lair:7   | 14423 ||| EATING 10 fruits.
 14635 | Lair:7   | Found a staircase to the Slime Pits.
 14651 | Lair:7   | Reached skill level 12 in Armour
 15092 | Lair:7   | 15092 ||| UPGRADING to square peridot amulet.
 15094 | Lair:7   | 15094 ||| DROPPING amulet of regeneration.
 15108 | Lair:8   | Entered Level 8 of the Lair of Beasts
 15117 | Lair:8   | 15117 ||| STAIRDANCE
 15123 | Lair:7   | Reached skill level 3 in Dodging
 15132 | Lair:8   | 15132 ||| STAIRDANCE
 15143 | Lair:7   | 15143 ||| Stepping ~*~*~tactically~*~*~ (water).
 15153 | Lair:8   | 15153 ||| STAIRDANCE
 15227 | Lair:8   | Received a gift from Trog
 15259 | Lair:8   | 15259 ||| Stepping randomly (stuck).
 15260 | Lair:8   | 15260 ||| Stepping ~*~*~tactically~*~*~ (cloud).
 15314 | Lair:7   | 15314 ||| EATING 9 fruits.
 15414 | Lair:2   | Reached skill level 6 in Dodging
 15489 | D:10     | Entered Level 10 of the Dungeon
 15738 | D:10     | 15738 ||| READING 5 scrolls of remove curse.
 15829 | D:10     | Noticed Psyche
 15839 | D:10     | Killed Psyche
 15839 | D:10     | Received a gift from Trog
 15867 | D:10     | Found a blossoming altar of Fedhas.
 16041 | D:10     | Noticed Grum
 16054 | D:10     | Killed Grum
 16069 | D:10     | 16069 ||| READING scroll of enchant weapon.
 16069 | D:10     | 16069 ||| ENCHANTING +1 vampiric battleaxe.
 16233 | D:10     | Found an opulent altar of Gozag.
 16267 | D:10     | 16267 ||| UPGRADING to dented blue amulet.
 16269 | D:10     | 16269 ||| DROPPING amulet of resist mutation.
 16279 | D:11     | 16279 ||| STAIRDANCE
 16288 | D:11     | 16288 ||| STAIRDANCE
 16298 | D:11     | 16298 ||| STAIRDANCE
 16332 | D:11     | Found a roughly hewn altar of Beogh.
 16333 | D:11     | 16333 ||| INVOKING Berserk.
 16364 | D:11     | 16364 ||| EATING 8 fruits.
 16428 | D:11     | Received a gift from Trog
 16704 | D:11     | Reached skill level 9 in Dodging
 16746 | D:11     | 16746 ||| READING scroll of enchant weapon.
 16746 | D:11     | 16746 ||| ENCHANTING +2 vampiric battleaxe.
 16756 | D:11     | Found a staircase to the Orcish Mines.
 16766 | D:11     | Noticed Fannar
 16783 | D:11     | Killed Fannar
 17131 | D:11     | 17131 ||| READING scroll labeled XUPRERETOH.
 17173 | Orc:1    | Entered Level 1 of the Orcish Mines
 17174 | Orc:1    | 17174 ||| Entered O.
 17174 | Orc:1    | 17174 ||| STAIRDANCE
 17176 | D:11     | Received a gift from Trog
 17181 | Orc:1    | 17181 ||| STAIRDANCE
 17197 | Orc:1    | 17197 ||| STAIRDANCE
 17242 | Orc:1    | Found Faegum's Weapon Shop.
 17260 | Orc:1    | Found Pla Pepe's Jewellery Shoppe.
 17286 | Orc:1    | Found Xaklaos' Magic Scroll Emporium.
 17326 | Orc:2    | 17326 ||| STAIRDANCE
 17743 | Orc:3    | Received a gift from Trog
 18147 | D:12     | 18147 ||| STAIRDANCE
 18152 | D:12     | 18152 ||| STAIRDANCE
 18160 | D:12     | 18160 ||| STAIRDANCE
 18172 | D:12     | 18172 ||| STAIRDANCE
 18185 | D:12     | 18185 ||| STAIRDANCE
 18234 | D:12     | 18234 ||| STAIRDANCE
 18319 | D:12     | Received a gift from Trog
 18321 | D:12     | Reached XP level 14. HP: 117/125 MP: 5/5
 18788 | D:13     | 18788 ||| Stepping ~*~*~tactically~*~*~ (water).
 18860 | D:13     | Found a frozen archway.
 18896 | D:13     | Found a gate to the Vaults.
 19006 | D:13     | Received a gift from Trog
 19031 | D:13     | Found Kleugeho's Distillery.
 19031 | D:13     | Noticed Nessos
 19032 | D:13     | 19032 ||| INVOKING Brothers in Arms.
 19061 | D:13     | HP: 31/125 [something (10)]
 19062 | D:13     | 19062 ||| DRINKING 11 potions of curing.
 19062 | D:13     | 19062 ||| (to cure poison)
 19087 | D:13     | Killed Nessos
 19261 | D:13     | 19261 ||| EATING 12 fruits.
 19317 | D:13     | Reached skill level 12 in Dodging
 19344 | D:13     | Reached skill level 12 in Fighting
 19347 | D:13     | 19347 ||| DRINKING 10 potions of curing.
 19347 | D:13     | 19347 ||| (to cure confusion)
 19348 | D:13     | 19348 ||| INVOKING Berserk.
 19360 | D:13     | 19360 ||| EATING 11 fruits.
 19522 | D:13     | 19522 ||| EATING 10 fruits.
 19569 | D:13     | 19569 ||| Stepping ~*~*~tactically~*~*~ (water).
 19572 | D:13     | 19572 ||| Stepping ~*~*~tactically~*~*~ (water).
 19583 | D:13     | 19583 ||| Stepping ~*~*~tactically~*~*~ (water).
 20003 | D:13     | Found a burning altar of Makhleb.
 20003 | D:13     | Noticed a balrug
 20133 | D:13     | 20133 ||| DRINKING 10 potions of curing.
 20133 | D:13     | 20133 ||| (to cure confusion)
 20143 | D:13     | Received a gift from Trog
 20284 | D:13     | 20284 ||| INVOKING Brothers in Arms.
 20298 | D:13     | 20298 ||| INVOKING Berserk.
 20315 | D:13     | 20315 ||| EATING 9 fruits.
 20379 | D:13     | 20379 ||| DRINKING 9 potions of curing.
 20379 | D:13     | 20379 ||| (to cure confusion)
 20559 | D:13     | 20559 ||| EATING 8 fruits.
 20665 | D:13     | 20665 ||| EATING 7 fruits.
 20721 | D:14     | 20721 ||| INVOKING Burn Spellbooks.
 20788 | D:14     | Noticed Sonja
 20789 | D:14     | 20789 ||| INVOKING Brothers in Arms.
 20794 | D:14     | 20794 ||| INVOKING Berserk.
 20794 | D:14     | Killed Sonja
 20799 | D:14     | 20799 ||| EATING 6 fruits.
 20826 | D:14     | 20826 ||| EATING 5 fruits.
 20851 | D:14     | 20851 ||| READING scroll of enchant armour.
 20851 | D:14     | 20851 ||| ENCHANTING +0 pair of boots.
 20853 | D:14     | Noticed Louise
 20854 | D:14     | 20854 ||| INVOKING Trog's Hand.
 20855 | D:14     | 20855 ||| INVOKING Brothers in Arms.
 20858 | D:14     | 20858 ||| INVOKING Berserk.
 20863 | D:14     | Killed Louise
 20869 | D:14     | 20869 ||| EATING 4 fruits.
 20969 | D:14     | 20969 ||| INVOKING Berserk.
 21025 | D:14     | 21025 ||| READING scroll of enchant armour.
 21025 | D:14     | 21025 ||| ENCHANTING +1 pair of boots.
 21410 | D:14     | 21410 ||| READING 10 scrolls of identify.
 21410 | D:14     | 21410 ||| IDENTIFYING viscous cyan potion
 21419 | D:15     | Entered Level 15 of the Dungeon
 21427 | D:15     | 21427 ||| Stepping ~*~*~tactically~*~*~ (water).
 21429 | D:15     | Received a gift from Trog
 21437 | D:15     | 21437 ||| Stepping ~*~*~tactically~*~*~ (water).
 21613 | D:15     | Found a runed door.
 21734 | D:15     | 21734 ||| INVOKING Berserk.
 21743 | D:15     | 21743 ||| EATING 3 fruits.
 21832 | D:15     | 21832 ||| EATING 2 fruits.
 22047 | D:15     | 22047 ||| INVOKING Brothers in Arms.
 22061 | D:15     | Found a staircase to the Depths.
 22586 | Lair:8   | 22586 ||| STAIRDANCE
 22594 | Lair:8   | 22594 ||| STAIRDANCE
 22611 | Lair:8   | 22611 ||| STAIRDANCE
 22765 | Lair:8   | Received a gift from Trog
 22774 | Lair:8   | Reached XP level 15. HP: 136/136 MP: 6/6
 22858 | Lair:8   | 22858 ||| INVOKING Berserk.
 22917 | Lair:8   | Received a gift from Trog
 22954 | Lair:8   | 22954 ||| INVOKING Berserk.
 22990 | Lair:8   | 22990 ||| EATING fruit.
 23069 | Lair:8   | 23069 ||| INVOKING Berserk.
 23234 | Lair:8   | 23234 ||| INVOKING Brothers in Arms.
 23237 | Lair:8   | 23237 ||| INVOKING Berserk.
 23278 | Lair:8   | 23278 ||| EATING 3 beef jerkies.
 23355 | Lair:8   | 23355 ||| INVOKING Berserk.
 23433 | Lair:8   | Received a gift from Trog
 23530 | Lair:8   | 23530 ||| Stepping ~*~*~tactically~*~*~ (water).
 23608 | Lair:8   | 23608 ||| Stepping ~*~*~tactically~*~*~ (cloud).
 24234 | Lair:8   | 24234 ||| INVOKING Berserk.
 24287 | Lair:8   | 24287 ||| EATING 2 beef jerkies.
 24312 | Lair:8   | 24312 ||| UPGRADING to runed chain mail.
 24322 | Lair:8   | 24322 ||| READING 5 scrolls of remove curse.
 24323 | Lair:8   | 24323 ||| UPGRADING to +7 chain mail of Dyroppem {MR- Int+6}.
 24333 | Lair:8   | 24333 ||| DROPPING +0 chain mail.
 24334 | Lair:8   | 24334 ||| UPGRADING to glowing plate armour.
 24344 | Lair:8   | 24344 ||| READING scroll of enchant armour.
 24344 | Lair:8   | 24344 ||| ENCHANTING +0 plate armour of cold resistance.
 24345 | Lair:8   | 24345 ||| UPGRADING to twisted golden ring.
 24346 | Lair:8   | 24346 ||| READING 4 scrolls of remove curse.
 24347 | Lair:8   | 24347 ||| REMOVING ring of teleportation.
 24348 | Lair:8   | 24348 ||| DROPPING ring of teleportation.
 24440 | Shoals:1 | Entered Level 1 of the Shoals
 24441 | Shoals:1 | 24441 ||| Entered A.
 24461 | Shoals:1 | 24461 ||| Stepping ~*~*~tactically~*~*~ (water).
 24477 | Shoals:1 | 24477 ||| Stepping ~*~*~tactically~*~*~ (water).
 24480 | Shoals:1 | 24480 ||| Stepping ~*~*~tactically~*~*~ (water).
 24493 | Shoals:1 | 24493 ||| Stepping ~*~*~tactically~*~*~ (water).
 24681 | Shoals:1 | 24681 ||| Stepping ~*~*~tactically~*~*~ (water).
 24692 | Shoals:1 | Received a gift from Trog
 24910 | Shoals:1 | 24910 ||| Stepping ~*~*~tactically~*~*~ (water).
 25033 | Shoals:1 | 25033 ||| DRINKING 9 potions of curing.
 25033 | Shoals:1 | 25033 ||| (to cure confusion)
 25036 | Shoals:1 | 25036 ||| Stepping ~*~*~tactically~*~*~ (water).
 25042 | Shoals:1 | 25042 ||| Stepping ~*~*~tactically~*~*~ (water).
 25043 | Shoals:1 | 25043 ||| Stepping ~*~*~tactically~*~*~ (water).
 25072 | Shoals:1 | 25072 ||| INVOKING Berserk.
 25286 | Shoals:1 | 25286 ||| Stepping ~*~*~tactically~*~*~ (water).
 25470 | Shoals:2 | 25470 ||| Stepping ~*~*~tactically~*~*~ (water).
 25472 | Shoals:2 | 25472 ||| Stepping ~*~*~tactically~*~*~ (water).
 25578 | Shoals:2 | Noticed Donald
 25601 | Shoals:2 | Killed Donald
 25696 | Shoals:2 | 25696 ||| Stepping ~*~*~tactically~*~*~ (water).
 25715 | Shoals:2 | 25715 ||| Stepping ~*~*~tactically~*~*~ (water).
 25750 | Shoals:2 | 25750 ||| Stepping ~*~*~tactically~*~*~ (water).
 25820 | Shoals:2 | 25820 ||| INVOKING Burn Spellbooks.
 25854 | Shoals:2 | Noticed an octopode crusher
 25854 | Shoals:2 | 25854 ||| Stepping ~*~*~tactically~*~*~ (water).
 25864 | Shoals:2 | 25864 ||| INVOKING Berserk.
 25869 | Shoals:2 | Killed an octopode crusher
 25880 | Shoals:2 | 25880 ||| READING scroll of teleportation.
 26156 | Shoals:2 | Noticed Kirke
 26157 | Shoals:2 | 26157 ||| INVOKING Trog's Hand.
 26177 | Shoals:2 | Killed Kirke
 26196 | Shoals:2 | 26196 ||| READING scroll of enchant armour.
 26196 | Shoals:2 | 26196 ||| ENCHANTING +1 plate armour of cold resistance.
 26206 | Shoals:2 | Received a gift from Trog
 26371 | Shoals:2 | 26371 ||| Stepping ~*~*~tactically~*~*~ (water).
 26413 | Shoals:2 | 26413 ||| EATING 2 beef jerkies.
 26458 | Shoals:2 | 26458 ||| UPGRADING to glowing hat.
 26468 | Shoals:2 | 26468 ||| UPGRADING to runed chain mail.
 26478 | Shoals:2 | 26478 ||| UPGRADING to +2 hat of the High Council {Archmagi, Wiz- Stlth-}.
 26488 | Shoals:2 | 26488 ||| DROPPING +1 hat.
 26489 | Shoals:2 | 26489 ||| UPGRADING to +2 plate armour of cold resistance.
 26499 | Shoals:2 | 26499 ||| DROPPING +3 chain mail of cold resistance.
 26561 | Shoals:3 | 26561 ||| Stepping ~*~*~tactically~*~*~ (water).
 26569 | Shoals:3 | Reached skill level 15 in Dodging
 26571 | Shoals:3 | 26571 ||| Stepping ~*~*~tactically~*~*~ (water).
 26705 | Shoals:3 | Noticed a kraken
 26732 | Shoals:3 | Killed a kraken
 26732 | Shoals:3 | Reached skill level 15 in Armour
 26933 | Shoals:3 | 26933 ||| Stepping ~*~*~tactically~*~*~ (water).
 26937 | Shoals:3 | Reached skill level 15 in Fighting
 27033 | Shoals:3 | Reached XP level 16. HP: 140/149 MP: 6/6
 27039 | Shoals:3 | 27039 ||| Stepping ~*~*~tactically~*~*~ (water).
 27046 | Shoals:3 | 27046 ||| Stepping ~*~*~tactically~*~*~ (water).
 27065 | Shoals:3 | 27065 ||| Stepping ~*~*~tactically~*~*~ (water).
 27161 | Shoals:3 | 27161 ||| Stepping ~*~*~tactically~*~*~ (water).
 27440 | Shoals:3 | 27440 ||| Stepping ~*~*~tactically~*~*~ (water).
 27442 | Shoals:3 | 27442 ||| Stepping ~*~*~tactically~*~*~ (water).
 27444 | Shoals:3 | 27444 ||| Stepping ~*~*~tactically~*~*~ (water).
 27520 | Shoals:3 | Received a gift from Trog
 27572 | Shoals:3 | 27572 ||| READING scroll labeled GHOCLISIEKH.
 27573 | Shoals:3 | 27573 ||| READING scroll labeled IMOGHEUWIE.
 27592 | Shoals:4 | 27592 ||| INVOKING Trog's Hand.
 27623 | Shoals:4 | 27623 ||| INVOKING Brothers in Arms.
 27794 | Shoals:4 | 27794 ||| Stepping ~*~*~tactically~*~*~ (water).
 27853 | Shoals:4 | Noticed raph's ghost (mighty MiFi)
 27853 | Shoals:4 | 27853 ||| INVOKING Brothers in Arms.
 27877 | Shoals:4 | Killed raph's ghost
 27879 | Shoals:4 | 27879 ||| Stepping ~*~*~tactically~*~*~ (water).
 28310 | Shoals:4 | 28310 ||| Stepping ~*~*~tactically~*~*~ (water).
 28509 | Shoals:4 | Noticed Rupert
 28510 | Shoals:4 | 28510 ||| INVOKING Trog's Hand.
 28513 | Shoals:4 | 28513 ||| INVOKING Berserk.
 28526 | Shoals:4 | Killed Rupert
 28568 | Shoals:4 | 28568 ||| EATING 2 beef jerkies.
 28650 | Shoals:4 | 28650 ||| UPGRADING to ivory ring.
 28651 | Shoals:4 | 28651 ||| REMOVING ring of wizardry.
 28652 | Shoals:4 | 28652 ||| DROPPING ring of wizardry.
 28663 | Shoals:5 | Entered Level 5 of the Shoals
 28664 | Shoals:5 | 28664 ||| INVOKING Trog's Hand.
 28674 | Shoals:5 | 28674 ||| INVOKING Brothers in Arms.
 28681 | Shoals:5 | 28681 ||| INVOKING Berserk.
 28688 | Shoals:5 | 28688 ||| EATING beef jerky.
 28903 | Shoals:5 | 28903 ||| Stepping ~*~*~tactically~*~*~ (water).
 28915 | Shoals:5 | 28915 ||| Stepping ~*~*~tactically~*~*~ (water).
 28916 | Shoals:5 | 28916 ||| Stepping ~*~*~tactically~*~*~ (water).
 28920 | Shoals:5 | 28920 ||| Stepping ~*~*~tactically~*~*~ (water).
 28924 | Shoals:5 | Received a gift from Trog
 28932 | Shoals:5 | 28932 ||| Stepping ~*~*~tactically~*~*~ (water).
 28939 | Shoals:5 | 28939 ||| UPGRADING to coral ring.
 28940 | Shoals:5 | 28940 ||| READING 3 scrolls of remove curse.
 28941 | Shoals:5 | 28941 ||| REMOVING ring of fire.
 28942 | Shoals:5 | 28942 ||| READING scroll of teleportation.
 28946 | Shoals:5 | 28946 ||| Stepping ~*~*~tactically~*~*~ (water).
 28994 | Shoals:5 | Noticed Ilsuiw
 29007 | Shoals:5 | 29007 ||| Stepping ~*~*~tactically~*~*~ (water).
 29013 | Shoals:5 | 29013 ||| INVOKING Berserk.
 29024 | Shoals:5 | Received a gift from Trog
 29026 | Shoals:5 | HP: 52/226 [merfolk impaler/trident of piercing (6)]
 29031 | Shoals:5 | HP: 36/226 [drowned by a water elemental[Ilsuiw] (3)]
 29038 | Shoals:5 | HP: 20/226 [merfolk impaler/trident of piercing (3)]
 29039 | Shoals:5 | HP: 7/226 [merfolk impaler/trident of piercing (12)]
 29042 | Shoals:5 | HP: 2/226 [barbs]
 29047 | Shoals:5 | Drowned by a water elemental

Vault maps used:
D:1:      dpeg_arrival_more_subterranean_lakeside_camping, serial_glass,
          glass_columns_c, glass_columns_a
D:3:      lemuel_coloured_pillars_altar, first_bread, st_stairs_9,
          kennysheep_generic_room_2
D:4:      amethyst_overflow_temple_binary, nicolae_overflow_crystal_walls,
          portal_sewer_entry_f
D:5:      temple_statues, uniq_blork_the_orc
D:6:      serial_shops, shop
D:7:      grunt_ogre_cave, uniq_duvessa
D:8:      grunt_temple_overflow_open, lemuel_flamethrower_2
D:9:      grunt_lair_entry_elf_guard_hut, laboratory
D:10:     basic_altar, grunt_gozag_breadcrumbs, uniq_psyche, uniq_grum
D:11:     orc_0_dummy, uniq_fannar
D:12:     spider_trap
D:13:     david_vaults_5, serial_shops, shop, portal_ice_cave_entry_pillars_03,
          makhleb_altar_promises_db, uniq_nessos
D:14:     hangedman_incinerator, uniq_sonja, uniq_louise
D:15:     grunt_enter_depths_hoard, serial_ice, serial_ice_m, serial_ice_o,
          serial_ice_j, serial_ice_n, lightli_church_of_beogh
Lair:1:   nicolae_volcano_entry_lava_flow, lemuel_fruit_tree,
          serial_bayou_shore_a
Lair:2:   lemuel_fruit_fields, uniq_harold
Lair:3:   grunt_megastairs_5, lemuel_fruit_fields, serial_bayou_shore_b
Lair:4:   hangedman_lair_unloving_vines
Lair:5:   minmay_shoals_entry_centaurs, grunt_megastairs_3
Lair:6:   spider_nest_entry_rubble
Lair:7:   slime_dummy, infiniplex_staircase_pool
Lair:8:   minmay_lair_end_enchanted_forest, st_stairs_4, lookout_lair_type
Shoals:2: hangedman_shoal_octodias, uniq_kirke, uniq_donald
Shoals:3: nicolae_shoals_wave_tunnel
Shoals:4: uniq_rupert
Shoals:5: shoals_end_simple, shoal_ilsuiw
Orc:1:    serial_shops, shop, shop, nicolae_shop_overgrown_old_shop,
          shop_fountains, nicolae_shop_stone
Orc:3:    nicolae_orc_pool_cavern

Action                   |  1- 3 |  4- 6 |  7- 9 | 10-12 | 13-15 | 16-18 || total
-------------------------+-------+-------+-------+-------+-------+-------++-------
Melee: Hand axe          |    46 |    91 |    29 |       |       |       ||   166
       War axe           |       |       |   193 |   540 |       |       ||   733
       Battleaxe         |       |       |       |   142 |  1532 |   313 ||  1987
Throw: Tomahawk          |       |     4 |   108 |    31 |    14 |       ||   157
       Javelin           |       |       |    53 |    41 |   103 |     1 ||   198
Invok: Berserk           |     1 |     1 |    12 |    20 |    15 |     3 ||    52
       Burn Spellbooks   |       |       |       |     3 |     3 |       ||     6
       Trog's Hand       |       |       |       |     1 |     2 |     3 ||     6
       Brothers in Arms  |       |       |       |     5 |     7 |     3 ||    15
  Use: Scroll            |     6 |     6 |    15 |    14 |    14 |     4 ||    59
       Potion            |       |     1 |     1 |     3 |     6 |       ||    11
 Stab: Distracted        |       |       |       |       |     2 |       ||     2
  Eat: Chunk             |       |     4 |    10 |    23 |    43 |     7 ||    87
       Fruit             |       |     1 |     4 |    15 |    23 |       ||    43
       Beef jerky        |       |     1 |     6 |     7 |     3 |     2 ||    19
       Bread ration      |       |       |     1 |       |       |       ||     1
